 Dungeon Crawl Stone Soup version 0.32-a0-913-g739538afd8 (webtiles) character file.

Game seed: 7152974309031305010

57799 smashvw the Severer (level 14, -1/135 HPs)
             Began as a Minotaur Fighter on Apr 9, 2024.
             Was the Champion of Yredelemnul.
             Incinerated by a deep elf pyromancer (9 damage)
             ... with a pyre arrow
             ... on level 2 of the Orcish Mines.
             The game lasted 00:38:35 (16877 turns).

smashvw the Severer (Minotaur Fighter)             Turns: 16877, Time: 00:38:35

Health: -1/135     AC: 22    Str: 26    XL:     14   Next: 47%
Magic:  0/20       EV: 12    Int:  5    God:    Yredelemnul [******]
Gold:   1094       SH:  5    Dex: 10    Spells: 13/13 levels left

rFire   . . .        E - +2 war axe (drain)
rCold   . . .        c - +0 buckler
rNeg    . . .        a - +0 plate armour
rPois   .            Z - +2 hat
rElec   .            (no cloak)
rCorr   .            X - +0 pair of gloves
SInv    .            R - +0 pair of boots
Will    +....        s - amulet of guardian spirit Stlth
                     v - +4 ring of slaying
HPRegen 0.42/turn    D - +5 ring of evasion
MPRegen 0.17/turn

%: guardian spirit
@: on fire, glowing, studying Axes
A: horns 2, retaliatory headbutt
a: Renounce Religion, Light the Black Torch, Recall Undead Harvest, Hurl
Torchlight, Bind Soul, Fathomless Shackles


You were on level 2 of the Orcish Mines.
You worshipped Yredelemnul.
Yredelemnul was aware of your devotion.
You visited 3 branches of the dungeon, and saw 17 of its levels.

You collected 1434 gold pieces.
You spent 340 gold pieces at shops.

Inventory:

Hand Weapons
 x - a +4 broad axe
 E - a +2 war axe of draining (weapon)
Missiles
 l - 11 javelins
 m - 53 poisoned darts
 C - 9 throwing nets
 J - 6 curare-tipped darts
 P - 5 silver javelins
Armour
 a - a +0 plate armour (worn)
 c - a +0 buckler (worn)
 R - a +0 pair of boots (worn)
 X - a +0 pair of gloves (worn)
 Z - a +2 hat (worn)
Jewellery
 g - an amulet of the acrobat
 q - a +6 ring of dexterity
 s - an amulet of guardian spirit (around neck)
 v - a +4 ring of slaying (left hand)
 B - a ring of willpower
 D - a +5 ring of evasion (right hand)
 F - a ring of positive energy
 M - a ring of protection from cold
 V - a ring of poison resistance
Wands
 k - a wand of flame (73)
 w - a wand of paralysis (22)
 y - a wand of light (30)
 G - a wand of roots (12)
 L - a wand of digging (3)
Scrolls
 f - 3 scrolls of enchant armour
 n - 4 scrolls of enchant weapon
 o - a scroll of immolation
 p - 4 scrolls of teleportation
 r - 2 scrolls of torment
 t - 3 scrolls of fear
 u - 3 scrolls of blinking
 A - 3 scrolls of revelation
 H - 2 scrolls of silence
 I - 3 scrolls of fog
 K - 3 scrolls of vulnerability
 O - a scroll of noise {unknown}
 Q - 3 scrolls of brand weapon {unknown}
Potions
 d - a potion of might
 e - 3 potions of attraction
 h - 3 potions of haste
 i - 8 potions of curing
 j - a potion of cancellation
 z - a potion of mutation
 N - a potion of resistance
 S - a potion of invisibility
 U - a potion of ambrosia
 W - a potion of lignification {unknown}
 Y - a potion of brilliance {unknown}
Miscellaneous
 T - a lightning rod (1/4) (quivered)


   Skills:
 + Level 15.6 Fighting
 - Level 18.0 Axes
 + Level 15.5 Armour
 - Level 6.0 Shields
 - Level 10.0 Invocations


You had 13 spell levels left.
You didn't know any spells.
Your spell library contained the following spells:

 Spells                   Type           Power      Damage    Failure   Level
 Blink                    Tloc           0%         N/A       99%         2
 Cigotuvi's Dreadful Rot  Necr/Alch/Air  0%         N/A       99%         2
 Lesser Beckoning         Tloc           0%         N/A       99%         2
 Momentum Strike          Conj/Tloc      0%         3d8       99%         2
 Call Canine Familiar     Summ           0%         N/A       100%        3
 Inner Flame              Hex/Fire       0%         N/A       100%        3
 Maxwell's Portable Pile  Tloc           0%         2d(5-13)  100%        3
 Stone Arrow              Conj/Erth      0%         3d7       100%        3
 Teleport Other           Tloc           0%         N/A       100%        3
 Tukima's Dance           Hex            0%         N/A       100%        3
 Animate Armour           Summ/Erth      0%         N/A       100%        4
 Dispel Undead            Necr           0%         3d6       100%        4
 Flame Wave               Conj/Fire      0%         2d4       100%        4
 Leda's Liquefaction      Alch/Erth      0%         N/A       100%        4
 Martyr's Knell           Necr/Summ      0%         N/A       100%        4
 Passage of Golubria      Tloc           0%         N/A       100%        4
 Sticky Flame             Fire/Alch      0%         2d4       100%        4
 Vhi's Electric Charge    Tloc/Air       0%         N/A       100%        4
 Arcjolt                  Conj/Air       0%         1d10      100%        5
 Lee's Rapid Deconstruct  Erth           0%         3d4*      100%        5
 Yara's Violent Unravell  Hex/Alch       0%         3d3       100%        5
 Permafrost Eruption      Ice/Erth       0%         2x4d1     100%        6
 Plasma Beam              Fire/Air       0%         2x1d10    100%        6
 Summon Cactus Giant      Summ           0%         N/A       100%        6
 Lehudib's Crystal Spear  Conj/Erth      0%         10d2      100%        8


Dungeon Overview and Level Annotations

Branches:
Dungeon (11/15)            Temple (0/1) D:7            Lair (4/5) D:10
  Swamp (0/4) Lair:2       Spider (0/4) Lair:2          Orc (2/2) D:10
    Elf (0/3) Orc:2
  Slime: Lair:4-5

Altars:
Dithmenos
Fedhas
Makhleb
Qazlal
Ru
Sif Muna
Vehumet
Wu Jian
Yredelemnul
The Shining One
Beogh

Shops:
D:2 =   D:4 *   Orc:2 [:(?

Annotations:
D:4 1 runed translucent door, Crazy Yiuf
D:8 1 runed translucent door, hattop's ghost, novice DrSh
Lair:3 1 runed translucent door, tweeg707's ghost, journeyman DjFE


Innate Abilities, Weirdness & Mutations

You have a pair of horns on your head.
You reflexively headbutt those who attack you in melee.


Message History

You are even more covered in intense liquid fire!
The deep elf pyromancer misses your orc knight zombie.
Your troll zombie bites the deep elf pyromancer.
Your troll zombie claws the deep elf pyromancer! x2
Aiming: Thunderbolt
Press: ? - help, Q - select action, (/) - cycle Shift-Dir - straight line, f - deep elf pyromancer
Aim: a deep elf pyromancer, wielding a +0 rapier and wearing a +0 chain mail (heavily wounded, not watching you, ally target, umbra)
The thunderbolt hits the deep elf pyromancer!
The deep elf pyromancer is almost dead.
The liquid fire burns you!
* * * LOW HITPOINT WARNING * * *
Your deep elf zephyrmancer zombie hits the deep elf pyromancer but does no damage.
The deep elf pyromancer casts a spell.
The deep elf pyromancer blinks!
Your deep elf zephyrmancer zombie hits the deep elf pyromancer.
You swap places.
You shake off some of the fire as you move.
The liquid fire burns you!
* * * LOW HITPOINT WARNING * * *
The deep elf pyromancer hits your troll zombie with a +0 dagger!
Your deep elf zephyrmancer zombie hits the deep elf pyromancer but does no damage.
Things that are here:
a +0 dagger; a +0 robe; a +0 short sword You shake off some of the fire as you move.
The liquid fire burns you!
* * * LOW HITPOINT WARNING * * *
The deep elf pyromancer gestures at you while chanting.
The bolt of fire hits your deep elf zephyrmancer zombie!!
The bolt of fire misses you.
Okay, then.
You feel better. The liquid fire burns you!
* * * LOW HITPOINT WARNING * * *
The deep elf pyromancer points at you and mumbles some strange words.
The pyre arrow hits your deep elf zephyrmancer zombie.
Your deep elf zephyrmancer zombie closely misses the deep elf pyromancer.
You shake off some of the fire as you move.
The liquid fire burns you!
You die...
Your body rises from the dead as a mindless zombie.

......................##........
.......#.##.#.......#.#.........
.)....#####.##).............##<
.).....# #...#.............^#
..###.## ##.###.#.#.........# #
.## #.# #####.[Ze#........# .#
..##... #...)Z##.......# .[#
...##.## ##...Z.).......##.##
..##### ##@#Z##..........°. .##
#...####.##..§...o. ##
##.####..........T.
####.##..)..).....
##.........e.....
#................
##...............
##................
#.................


You could see a deep elf pyromancer (ally target), a friendly troll zombie and 2
friendly deep elf zephyrmancer zombies.

Vanquished Creatures
  Erica (D:11)
  4 ogre magi (Orc:2)
  9 two-headed ogres
  Amaemon (D:11)
  2 spriggan druids (Lair:2)
  2 deep elf pyromancers (Orc:2)
  2 oklob plants
  3 deep elf zephyrmancers (Orc:2)
  An ugly thing (D:11)
  3 orc sorcerers (Orc:2)
  7 elephants
  A gargoyle (D:10)
  A rime drake (Lair:4)
  7 cane toads
  6 komodo dragons
  Maggie (D:6)
  Jeremiah (D:7)
  Psyche (D:11)
  3 trolls
  A hornet (Lair:2)
  11 blink frogs
  22 yaks
  2 wyverns
  Eustachio (D:4)
  A basilisk (Lair:4)
  A steam dragon (D:8)
  A redback (Lair:2)
  10 wargs
  2 swamp worms (Lair:3)
  An acid dragon (D:10)
  A water moccasin (D:8)
  16 orc warriors
  2 ice beasts
  A black bear (D:8)
  7 ogres
  13 wolves
  2 centaurs (D:11)
  7 kobold brigands
  7 bullfrogs
  A gnoll sergeant (D:5)
  A scorpion (D:7)
  3 wights (D:8)
  Dowan (D:7)
  7 killer bees
  4 howler monkeys
  8 orc priests
  A bombardier beetle (D:6)
  3 jellies
  A sleepcap (D:6)
  4 hounds
  3 gnoll boudas
  Jessica (D:2)
  Ijyb (D:4)
  2 iguanas
  20 orc wizards
  Robin (D:2)
  10 adders
  17 gnolls
  4 shadow imps
  A white imp (D:5)
  2 dart slugs
  57 orcs
  7 endoplasms
  3 giant cockroaches
  15 goblins
  9 hobgoblins
  A quokka (D:1)
  8 ball pythons
  A bat (D:2)
  4 frilled lizards
  18 kobolds
  3 rats
387 creatures vanquished.

Vanquished Creatures (collateral kills)
  Gastronok (Lair:1)
  An orc warlord (Orc:1)
  Harold (Lair:2)
  2 hydras
  A boulder beetle (Lair:2)
  3 death yaks (Lair:3)
  2 two-headed ogres (Orc:2)
  Nergalle (Lair:2)
  A skyshark (Lair:4)
  An orc knight (Orc:2)
  An obsidian bat (Orc:2)
  2 orc sorcerers
  7 elephants
  2 black mambas
  3 cane toads
  An orange demon (D:11)
  A kobold demonologist (D:9)
  A rime drake (Lair:2)
  2 komodo dragons
  A troll (Orc:2)
  2 blink frogs (Lair:2)
  A jumping spider (Lair:2)
  A shadow (D:11)
  11 yaks
  A redback (Lair:2)
  4 wargs
  A swamp worm (Lair:3)
  3 water moccasins
  Duvessa (D:7)
  5 orc warriors
  3 ogres
  A centaur (D:9)
  6 wolves
  3 kobold brigands
  A scorpion (D:6)
  2 bullfrogs
  2 howler monkeys
  A bombardier beetle (D:5)
  A jelly (D:7)
  An orc priest (D:9)
  A sleepcap (D:5)
  An iguana (D:7)
  9 orc wizards
  A gnoll (D:5)
  23 orcs
  An endoplasm (D:3)
  14 kobolds
  An orc zombie (Orc:2)
137 creatures vanquished.

Vanquished Creatures (others)
  A deep elf zephyrmancer (Orc:2)
  A spectral orc (Orc:2)
  A two-headed ogre zombie (Orc:2)
  4 ogre zombies (Orc:2)
  A cane toad zombie (Lair:3)
  3 blink frog zombies
  An elf zombie (Orc:2)
  A human zombie (Lair:2)
  2 elephant zombies
  A rime drake zombie (Lair:4)
  A water moccasin zombie (Lair:4)
  5 warg zombies (Orc:2)
  2 troll zombies
  A demonspawn zombie (D:11)
  2 wolf zombies
  A bullfrog zombie (D:8)
  3 centaur zombies
  An orc wizard (Orc:2)
  2 killer bee zombies (D:11)
  A hound zombie (D:6)
  2 howler monkey zombies
  A jelly zombie (D:8)
  A spectral shadow imp (D:6)
  2 adder zombies
  2 gnoll zombies (D:6)
  A bombardier beetle zombie (D:6)
  7 kobold zombies
  47 orc zombies
98 creatures vanquished.

Grand Total: 622 creatures vanquished

Notes
Turn   | Place    | Note
-------+----------+-------------------------------------------
     0 | D:1      | smashvw the Minotaur Fighter began the quest for the Orb.
     0 | D:1      | Reached XP level 1. HP: 19/19 MP: 0/0
   224 | D:1      | Reached XP level 2. HP: 26/26 MP: 1/1
   231 | D:1      | Reached skill level 3 in Axes
   757 | D:1      | Reached XP level 3. HP: 30/31 MP: 2/2
  1062 | D:2      | Noticed Jessica
  1070 | D:2      | Killed Jessica
  1071 | D:2      | Reached skill level 4 in Axes
  1215 | D:2      | Reached skill level 5 in Shields
  1215 | D:2      | Reached XP level 4. HP: 28/39 MP: 3/3
  1282 | D:2      | Found Wuluwny's Jewellery Shop.
  1322 | D:2      | Got the Discursus on Summoning
  1384 | D:2      | Identified the +0 helmet of Esuiddu {Rampage rElec Regen+
                  | Str-2}
  1384 | D:2      | Noticed Robin
  1396 | D:2      | Killed Robin
  1840 | D:3      | Found an ornate altar of the Wu Jian Council.
  1979 | D:3      | Noticed an ice beast
  1987 | D:3      | Killed an ice beast
  1988 | D:3      | Reached skill level 5 in Axes
  1988 | D:3      | Reached XP level 5. HP: 17/45 MP: 2/4
  2165 | D:3      | Found a basalt altar of Yredelemnul.
  2189 | D:3      | Became a worshipper of Yredelemnul the Fallen
  2531 | D:4      | Noticed an ogre
  2540 | D:4      | Killed an ogre
  2541 | D:4      | Reached skill level 6 in Axes
  2541 | D:4      | Reached XP level 6. HP: 7/51 MP: 0/5
  2943 | D:4      | Noticed Ijyb
  2944 | D:4      | Found a radiant altar of Vehumet.
  2951 | D:4      | Killed Ijyb
  2992 | D:4      | Noticed Eustachio
  3005 | D:4      | Killed Eustachio
  3006 | D:4      | Reached skill level 7 in Axes
  3098 | D:4      | Reached XP level 7. HP: 57/57 MP: 6/6
  3105 | D:4      | Found Duenlod's General Store.
  3136 | D:4      | Reached * piety under Yredelemnul
  3391 | D:4      | Found a runed translucent door.
  3392 | D:4      | Noticed Crazy Yiuf
  3439 | D:4      | Found a glowing golden altar of the Shining One.
  3525 | D:5      | Entered Level 5 of the Dungeon
  3598 | D:5      | Reached skill level 8 in Axes
  3677 | D:5      | Found a blossoming altar of Fedhas.
  3750 | D:5      | Found a shadowy altar of Dithmenos.
  3768 | D:5      | Reached skill level 9 in Axes
  4355 | D:5      | Found a burning altar of Makhleb.
  4591 | D:6      | Reached skill level 10 in Axes
  4611 | D:6      | Reached XP level 8. HP: 35/64 MP: 5/7
  4726 | D:6      | Reached skill level 11 in Axes
  4889 | D:6      | Reached ** piety under Yredelemnul
  5029 | D:6      | Noticed Maggie
  5042 | D:6      | Killed Maggie
  5043 | D:6      | Reached skill level 12 in Axes
  5419 | D:7      | Noticed Dowan
  5423 | D:7      | Reached skill level 13 in Axes
  5425 | D:7      | Noticed Duvessa
  5426 | D:7      | Killed Dowan
  5428 | D:7      | Reached XP level 9. HP: 65/70 MP: 5/8
  5432 | D:7      | Killed Duvessa
  5501 | D:7      | Found a staircase to the Ecumenical Temple.
  5521 | D:7      | Reached *** piety under Yredelemnul
  5522 | D:7      | Noticed Jeremiah
  5543 | D:7      | Killed Jeremiah
  5544 | D:7      | Reached skill level 14 in Axes
  5648 | D:7      | Found a sacrificial altar of Ru.
  6130 | D:8      | Reached skill level 15 in Axes
  6348 | D:8      | Reached skill level 1 in Invocations
  6490 | D:8      | Reached **** piety under Yredelemnul
  6574 | D:8      | Noticed hattop's ghost (novice DrSh)
  6577 | D:8      | Found a runed translucent door.
  6962 | D:9      | Reached XP level 10. HP: 66/77 MP: 8/11
  7012 | D:9      | Reached skill level 16 in Axes
  7122 | D:9      | Noticed a soul eater
  7584 | D:10     | Entered Level 10 of the Dungeon
  7590 | D:10     | Reached skill level 17 in Axes
  7723 | D:10     | Found a stormy altar of Qazlal.
  7826 | D:10     | Found a shimmering blue altar of Sif Muna.
  7873 | D:10     | Noticed a two-headed ogre
  7882 | D:10     | Killed a two-headed ogre
  8077 | D:10     | Reached ***** piety under Yredelemnul
  8082 | D:10     | Reached skill level 18 in Axes
  8179 | D:10     | Found a staircase to the Orcish Mines.
  8384 | D:10     | Noticed a gargoyle
  8394 | D:10     | Killed a gargoyle
  8519 | D:10     | Identified the +8 rapier of Cosium {protect, *Corrode rElec
                  | rPois Dex+4}
  8526 | D:10     | Found a staircase to the Lair.
  8664 | D:11     | Reached skill level 5 in Fighting
  8664 | D:11     | Reached skill level 5 in Armour
  8664 | D:11     | Reached XP level 11. HP: 74/86 MP: 9/13
  8902 | D:11     | Noticed Erica
  8913 | D:11     | Killed Erica
  9127 | D:11     | Noticed Amaemon
  9173 | D:11     | Killed Amaemon
  9227 | D:11     | Noticed Psyche
  9229 | D:11     | Noticed a two-headed ogre
  9232 | D:11     | Killed Psyche
  9235 | D:11     | Killed a two-headed ogre
  9274 | D:11     | Noticed Urug
  9275 | D:11     | Your ally Amaemon died
  9282 | D:11     | Killed Urug
  9282 | D:11     | Bound Urug
  9299 | D:11     | Noticed a cyan ugly thing
  9301 | D:11     | Killed a cyan ugly thing
  9302 | D:11     | Reached skill level 5 in Invocations
  9938 | Lair:1   | Entered Level 1 of the Lair of Beasts
 10171 | Lair:1   | Reached XP level 12. HP: 82/103 MP: 11/15
 10484 | Lair:1   | Found a blossoming altar of Fedhas.
 10484 | Lair:1   | Noticed Gastronok
 10500 | Lair:1   | Killed Gastronok
 11071 | Lair:2   | Noticed Harold
 11071 | Lair:2   | Noticed a boulder beetle
 11076 | Lair:2   | Killed Harold
 11077 | Lair:2   | Reached skill level 10 in Fighting
 11078 | Lair:2   | Reached skill level 10 in Armour
 11087 | Lair:2   | Killed a boulder beetle
 11233 | Lair:2   | Identified a scroll of acquirement
 11234 | Lair:2   | Acquired a +4 ring of slaying
 11286 | Lair:2   | Found a hole to the Spider Nest.
 11524 | Lair:2   | Noticed Nergalle
 11533 | Lair:2   | Killed Nergalle
 11843 | Lair:2   | Your ally Harold died
 11849 | Lair:2   | Reached XP level 13. HP: 101/110 MP: 16/18
 11958 | Lair:2   | Found a staircase to the Swamp.
 12654 | Lair:3   | Found a runed translucent door.
 13550 | Lair:3   | Noticed tweeg707's ghost (journeyman DjFE)
 13616 | Lair:4   | Reached skill level 10 in Invocations
 13744 | Lair:4   | Reached ****** piety under Yredelemnul
 14150 | Lair:4   | Acquired a manual of Axes
 14711 | Orc:1    | Entered Level 1 of the Orcish Mines
 14726 | Orc:1    | Noticed an orc warlord
 14746 | Orc:1    | Killed an orc warlord
 14940 | Orc:1    | Found a roughly hewn altar of Beogh.
 15177 | Orc:2    | Entered Level 2 of the Orcish Mines
 15191 | Orc:2    | Paralysed by an orc sorcerer for 4 turns
 15284 | Orc:2    | Found a staircase to the Elven Halls.
 15415 | Orc:2    | Reached XP level 14. HP: 59/132 MP: 8/20
 15463 | Orc:2    | Found a roughly hewn altar of Beogh.
 15754 | Orc:2    | Found Yhoblaas's Book Shop.
 15754 | Orc:2    | Found Pacamypn's Antique Armour Boutique.
 15775 | Orc:2    | Reached skill level 15 in Fighting
 15776 | Orc:2    | Reached skill level 15 in Armour
 16019 | Orc:2    | Found Futydihe's Antique Weapon Boutique.
 16139 | Orc:2    | Found Ludykol's Magic Scroll Shop.
 16264 | Orc:2    | Bought a scroll of fear for 44 gold pieces
 16264 | Orc:2    | Bought a scroll of fog for 44 gold pieces
 16264 | Orc:2    | Bought a scroll of identify for 22 gold pieces
 16264 | Orc:2    | Bought a scroll of identify for 22 gold pieces
 16264 | Orc:2    | Bought a scroll of identify for 22 gold pieces
 16264 | Orc:2    | Bought a scroll of blinking for 82 gold pieces
 16264 | Orc:2    | Bought a scroll of silence for 104 gold pieces
 16402 | Orc:2    | HP: 3/135 [deep elf zephyrmancer/bolt of lightning (18)]
 16408 | Orc:2    | Your ally Urug died
 16408 | Orc:2    | HP: 6/135 [deep elf zephyrmancer/bolt of lightning (29)]
 16877 | Orc:2    | Incinerated by a deep elf pyromancer

Illustrated notes

Levels and vault maps discovered:
D:1:      evilmike_arrival_hilbert_curve, layout_loops_corners, eino_curves_04
D:2:      layout_basic, serial_shops, shop, minmay_stone_trees_small,
          uniq_jessica, uniq_robin
D:3:      layout_basic, mainiacjoe_overflow_concentric_impassable,
          nicolae_wu_jian_wuxing_cycle
D:4:      layout_loops_ring, nicolae_tso_swordbearing_angel,
          mainiacjoe_overflow_alcove_4, serial_shops, nicolae_stop_n_shop_2,
          nzn_random_ring, uniq_ijyb, uniq_crazy_yiuf_cottage, uniq_eustachio
D:5:      layout_gridville, mainiacjoe_overflow_alcove_1, lemuel_doored_altar,
          nicolae_dithmenos_the_darkroom
D:6:      layout_loops_cross, minmay_misc_feat_plants,
          hangedman_abyss_or_decor_lesser_grid, uniq_maggie
D:7:      layout_rooms, mainiacjoe_overflow_paths,
          minmay_temple_entry_antechambers, uniq_duvessa, uniq_jeremiah
D:8:      layout_basic, hellmonk_ghost_happy_afterlife, reono_crystal_passage
D:9:      layout_rooms
D:10:     layout_roguey, lemuel_blue_sif_altar, mainiacjoe_overflow_24_doors,
          lair_entry_dummy, david_orc_4
D:11:     layout_loops_ring, uniq_psyche, uniq_urug, uniq_erica, uniq_amaemon
Lair:1:   layout_misc_corridors, tgw_fedhas, uniq_gastronok
Lair:2:   layout_cave_pods, mainiacjoe_swamp_entry_angry_trees,
          spider_nest_entry_a, uniq_harold, uniq_nergalle
Lair:3:   layout_regular_city, ebering_ghost_reflecting_pool, worms_lemuel
Lair:4:   layout_small_grid
Orc:1:    layout_caves, basic_altar
Orc:2:    st_orc_town, layout_caves, elves_outpost_lemuel

Skill      XL: |  1  2  3  4  5  6  7  8  9 10 11 12 13 14 |
---------------+-------------------------------------------+-----
Shields        | 4 5 6 |  6.0
Axes           | 3 4 5 6 7 10 13 15 18 | 18.0
Invocations    | 3 4 6 9 10 | 10.0
Fighting       | 5 8 11 14 15 | 15.6
Armour         | 5 8 11 14 15 | 15.5

Action                     |  1- 3 |  4- 6 |  7- 9 | 10-12 | 13-15 || total
---------------------------+-------+-------+-------+-------+-------++-------
  Melee: War axe           |    72 |    66 |   232 |   294 |   289 ||   953
         Headbutt          |    10 |    10 |    36 |    75 |    55 ||   186
 Invoke: Light the Black T |       |     2 |     5 |     4 |     4 ||    15
         Hurl Torchlight   |       |       |       |     3 |     5 ||     8
         Recall Undead Har |       |       |       |     2 |     3 ||     5
         Bind Soul         |       |       |       |     1 |       ||     1
  Evoke: Lightning rod     |       |       |       |       |     3 ||     3
    Use: Potion            |       |       |       |     3 |     3 ||     6
         Scroll            |       |       |       |     4 |    16 ||    20
   Stab: Distracted        |       |       |     4 |     7 |     6 ||    17
 Armour: Scale mail        |    54 |    26 |       |       |       ||    80
         Chain mail        |       |    13 |   131 |   135 |     6 ||   285
         Plate armour      |       |       |       |       |   136 ||   136
  Dodge: Dodged            |    32 |    30 |    91 |   125 |   114 ||   392
  Block: Buckler           |    12 |    16 |    65 |    57 |    56 ||   206

Table legend: (Time is in decaauts)
 A = Elapsed time spent in this place.
 B = Non-inter-level travel time spent in this place.
 C = Inter-level travel time spent in this place.
 D = Time resting spent in this place.
 E = Time spent auto-exploring this place.
 F = Levels seen in this place.
 G = Mean time per level.
                   A        B        C        D        E       F      G
               +--------+--------+--------+--------+--------+-----+--------+
         Total |  16757 |  15837 |    920 |    309 |  13327 |  17 |  985.7 |
       Dungeon |  10156 |   9471 |    685 |      0 |   8102 |  11 |  923.3 |
          Lair |   4480 |   4256 |    224 |      2 |   3727 |   4 | 1120.0 |
  Orcish Mines |   2121 |   2110 |     11 |    307 |   1498 |   2 | 1060.5 |
               +--------+--------+--------+--------+--------+-----+--------+

Top non-repeatable levels by time:
   Orc:2: 1662 daAuts
  Lair:2: 1401 daAuts
    D:10: 1316 daAuts
    D:11: 1246 daAuts
  Lair:1: 1151 daAuts
     D:1: 1038 daAuts
     D:5: 1038 daAuts
  Lair:4: 1007 daAuts
     D:4: 1004 daAuts
     D:8: 968 daAuts
  Lair:3: 920 daAuts
     D:6: 837 daAuts
     D:2: 826 daAuts
     D:3: 698 daAuts
     D:9: 629 daAuts
